Map: Deathaura LE

Players

Ohm - Winner!

  • Race: Protoss Protoss
  • League: Platinum
  • Spawn Location: 11:00

KingArthur

  • Race: Zerg Zerg
  • League: Gold
  • Spawn Location: 5:00

VOD

Have the link to the VOD?

Description

Time

  • Played on: Sept. 15, 2020, 8:33 p.m.
  • Length: 16:40
Show
View Real Time Build Order
Export as new Build Order

Ohm Protoss - Winner!

Build Orders: 1 Gate Expand 

Get SALT Encoding   

  12  0:00  Probe  
  13  0:12  Probe  
  14  0:19  Pylon  
  14  0:24  Probe  
  15  0:37  Probe  
  15  0:40  Gateway  
  16  0:49  Probe  
  17  1:01  Probe  
  18  1:13  Probe  
  19  1:25  Probe  
  19  1:26  Nexus  
  19  1:32  Cybernetics Core  
  20  1:37  Assimilator  
  20  2:04  Probe  
  21  2:11  Gateway  
  21  2:22  Forge  
  20  2:39  Pylon  
  20  2:43  Gateway  
  20  2:48  Pylon  
  20  2:57  Photon Cannon, Warp Gate (Chrono Boost)  
  20  3:01  Adept  
  20  3:02  Adept  
  20  3:04  Photon Cannon  
  24  3:21  Pylon  
  24  3:26  Nexus  
  24  3:33  Adept  
  26  3:34  Adept  
  26  3:35  Adept  
  30  3:42  Gateway  
  30  3:45  Gateway  
  27  4:24  Pylon  
  25  4:38  Photon Cannon  
  25  4:40  Shield Battery  
  25  4:50  Adept x3  
  29  5:04  Probe  
  30  5:21  Pylon  
  30  5:24  Adept x2  
  34  5:31  Adept  
  34  5:34  Twilight Council  
  36  5:40  Assimilator  
  36  5:41  Probe  
  37  5:43  Probe  
  37  5:47  Gateway  
  38  5:53  Probe  
  38  5:55  Probe  
  28  6:05  Probe  
  28  6:07  Probe  
  28  6:10  Adept x2  
  28  6:11  Adept  
  32  6:35  Pylon  
  32  6:49  Adept x2  
  32  6:50  Adept  
  38  6:56  Gateway  
  38  6:59  Gateway  
  38  7:03  Gateway  
  38  7:21  Gateway  
  37  7:38  Probe  
  37  7:39  Probe  
  39  7:50  Probe  
  40  7:51  Probe  
  41  8:13  Shield Battery  
  41  8:16  Shield Battery  
  41  8:18  Gateway  
  41  8:20  Pylon  
  41  8:23  Adept x4  
  49  8:33  Gateway  
  49  8:39  Probe  
  49  8:40  Probe  
  51  8:51  Probe  
  51  8:52  Probe, Photon Cannon  
  51  8:54  Pylon  
  53  8:59  Pylon  
  53  9:10  Pylon  
  53  9:15  Photon Cannon  
  53  9:18  Assimilator  
  53  9:19  Probe  
  53  9:20  Probe  
  55  9:29  Stargate  
  55  9:30  Stargate  
  55  9:31  Probe  
  55  9:32  Probe  
  57  9:59  Stargate  
  56  10:02  Pylon  
  56  10:14  Assimilator  
  56  10:18  Pylon  
  56  10:46  Pylon  
  56  10:51  Stargate  
  56  10:55  Void Ray  
  56  10:57  Robotics Facility  
  60  11:17  Protoss Ground Weapons Level 1  
  60  11:27  Void Ray (Chrono Boost)  
  60  11:29  Void Ray (Chrono Boost)  
  68  11:43  Warp Prism (Chrono Boost)  
  68  11:45  Fleet Beacon  
  70  11:50  Charge  
  70  11:56  Void Ray (Chrono Boost)  
  70  11:57  Void Ray (Chrono Boost)  
  78  12:12  Probe  
  79  12:24  Probe  
  80  12:45  Stalker x2  
  84  12:54  Void Ray  
  84  12:57  Void Ray  
  92  13:23  Void Ray  
  92  13:24  Void Ray  
  90  13:45  Unknown  
  90  13:57  Protoss Air Weapons Level 1 (Chrono Boost)  
  90  13:58  Void Ray  
  90  14:02  Zealot x6  
  98  14:03  Zealot  
  108  14:18  Void Ray (Chrono Boost)  
  108  14:36  Zealot x5  
  108  14:45  Zealot  
  108  14:48  Void Ray (Chrono Boost)  
  110  15:01  Pylon  
  110  15:03  Pylon  
  110  15:06  Pylon  
  108  15:12  Zealot x2  
  108  15:13  Void Ray  
  110  15:18  Void Ray  
  110  15:50  Void Ray  
  110  15:55  Void Ray  
Show
View Real Time Build Order
Export as new Build Order

KingArthur Zerg 

Build Orders: Hatch First 

Get SALT Encoding   

  12  0:02  Drone  
  13  0:13  Overlord  
  13  0:16  Drone  
  14  0:32  Drone x2  
  16  0:50  Hatchery  
  16  0:53  Drone  
  16  0:57  Drone  
  16  1:01  Drone  
  18  1:10  Extractor  
  17  1:18  Spawning Pool  
  16  1:19  Drone  
  16  1:24  Drone  
  18  1:32  Drone  
  19  2:10  Metabolic Boost  
  19  2:11  Queen x2  
  19  2:12  Zergling x4  
  19  2:13  Zergling x2  
  19  2:14  Overlord  
  26  2:29  Baneling Nest  
  25  2:38  Zergling x10  
  30  2:45  Zergling x2  
  31  2:54  Overlord  
  31  2:59  Zergling x2  
  31  3:03  Zergling x2  
  33  3:08  Zergling x2  
  33  3:11  Zergling x2  
  35  3:20  Zergling x2  
  36  3:29  Overlord  
  36  3:30  Baneling  
  36  3:31  Baneling x5  
  36  3:38  Zergling x8  
  39  4:01  Zergling x10  
  34  4:12  Zergling x2  
  32  4:30  Zergling x8  
  32  4:36  Zergling x2  
  29  5:03  Zergling x10  
  30  5:15  Zergling x12  
  30  5:19  Zergling x2  
  37  5:24  Zergling x2  
  38  5:28  Zergling x2  
  38  5:33  Baneling x5  
  38  5:34  Baneling x2  
  39  5:38  Zergling x4  
  41  5:46  Zergling x2  
  30  6:21  Zergling x24  
  36  6:34  Zergling x4  
  37  6:55  Zergling x12  
  37  6:56  Zergling x2  
  37  6:57  Overlord  
  31  7:23  Zergling x16  
  39  7:30  Overlord  
  39  7:31  Overlord  
  39  7:36  Baneling x3  
  39  7:37  Baneling x5  
  39  7:43  Zergling x2  
  29  8:31  Zergling x20  
  29  8:32  Zergling x2  
  33  8:42  Drone  
  34  8:58  Drone x3  
  37  9:04  Zergling x2  
  38  9:32  Zergling x18  
  47  9:40  Spore Crawler  
  47  9:43  Spore Crawler  
  45  9:48  Spore Crawler  
  45  9:52  Spore Crawler  
  43  9:55  Drone  
  43  9:56  Drone x3  
  47  10:16  Hatchery  
  49  10:28  Zergling x14  
  49  10:29  Zergling x2  
  54  10:38  Zergling x6  
  54  10:39  Zergling x2  
  58  10:48  Overlord  
  58  11:02  Lair  
  58  11:14  Drone x4  
  58  11:15  Drone  
  63  11:22  Extractor  
  63  11:23  Drone x2  
  63  11:25  Drone x3  
  67  11:43  Drone x9  
  76  11:50  Queen  
  78  12:21  Hydralisk Den  
  77  12:26  Spire  
  77  12:28  Spore Crawler  
  75  12:31  Spore Crawler  
  75  12:36  Drone x5  
  75  12:37  Drone x2  
  75  13:17  Overlord  
  67  13:40  Zergling x20  
  74  13:54  Overlord  
  74  13:56  Overlord  
  74  13:57  Overlord  
  74  14:05  Overlord  
  74  14:07  Overlord  
  50  14:38  Zergling x18  
  53  14:55  Hydralisk x3  
  42  15:27  Hydralisk x6  
  42  15:28  Hydralisk x3  
  60  15:45  Queen  
  50  15:57  Hydralisk x3  
  50  15:58  Hydralisk x3  
Tags
 
Add a new tag
Caveats
  • Supply blocks, unpowered buildings, or Contaminate may cause inaccurate times.
  • Supply counts are checked every 10 seconds.